[Event "*** Titled Tuesday Blitz"]
[Site "Chess.com"]
[Date "2019.05.07"]
[Round "10"]
[White "penguingm1"]
[Black "wonderfultime"]
[Result "1-0"]
[WhiteElo "2939"]
[BlackElo "2955"]
[TimeControl "180+2"]
[EndTime "15:22:33 PDT"]
[Termination "penguingm1 won by resignation"]

1. d4 d5 2. Bf4 Nf6 3. e3 e6 4. Nf3 Bd6 5. Nbd2 O-O 6. Bd3 c5 7. c3 Qc7 8. Bxd6 Qxd6 9. Ne5 b6 10. Qe2 Bb7 11. O-O a5 12. f4 Ba6 13. Bxa6 Nxa6 14.
Rf3 Nc7 15. Rh3 g6 16. Qf2 Nce8 17. Qh4 Qd8 18. g4 h5 19. gxh5 Nxh5 20. Qg4 Neg7 21. Kh1 Rc8 22. Rg1 Nf6 23. Qg5 Re8 24. Rh8+ 1-0

[Event "*** Titled Tuesday Blitz"]
[Site "Chess.com"]
[Date "2019.05.07"]
[Round "10"]
[White "RojonR"]
[Black "volcanoexplorer"]
[Result "0-1"]
[WhiteElo "2432"]
[BlackElo "2604"]
[TimeControl "180+2"]
[EndTime "15:22:41 PDT"]
[Termination "volcanoexplorer won by resignation"]

1. e4 e5 2. Nf3 Nc6 3. Bb5 a6 4. Bxc6 dxc6 5. O-O Bg4 6. h3 Bh5 7. g4 Bg6 8. Nxe5 Qh4 9. Qf3 f6 10. Nxg6 hxg6 11. Kg2 g5 12. d4 Ne7 13. Rh1 O-O-O 14. Be3 Kb8 15. Nd2 Ng6 16. c3 Bd6 17. Rag1 Bf4 18.
Kf1 Qh7 19. Ke1 Qg8 20. b3 Qf8 21. Nc4 Qe7 22. Bxf4 Nxf4 23. Kd1 c5 24. d5 c6 25.
d6 Qe6 26. Kc2 b5 27. Na5 Rxd6 28. Rd1 Kc7 29. Rxd6 Qxd6 30. e5 fxe5 31. Rd1 Qg6+ 0-1

[Event "*** Titled Tuesday Blitz"]
[Site "Chess.com"]
[Date "2019.05.07"]
[Round "10"]
[White "ENEASZ"]
[Black "OneTrickPony_82"]
[Result "1-0"]
[WhiteElo "2509"]
[BlackElo "2339"]
[TimeControl "180+2"]
[EndTime "15:22:44 PDT"]
[Termination "ENEASZ won by resignation"]

1. e4 e5 2. Nf3 Nc6 3. Bc4 Nf6 4. Ng5 d5 5. exd5 Na5 6. Bb5+ c6 7. dxc6 bxc6 8.
Be2 h6 9. Nf3 e4 10. Ne5 Bd6 11. d4 exd3 12. Nxd3 O-O 13. Bf4 Bxf4 14. Nxf4 Qb6 15.
Nd3 Bf5 16. O-O Rad8 17. Nc3 c5 18. Na4 Qc6 19. Naxc5 Nc4 20. Bf3 Qc8 21. Qc1 Ne5 22. Nxe5 Qxc5 23. Nc6 Rc8 24. b4 Qd6 25. Rd1 Qc7 26.
b5 Bg4 27. Qe3 Rfe8 28. Qxa7 Qf4 29. Qd4 Qxd4 30. Rxd4 Bxf3 31. gxf3 Re2 32. a4 g5 33. a5 Nh5 34. Re4 Rxc2 35. Ne7+ 1-0

[Event "*** Titled Tuesday Blitz"]
[Site "Chess.com"]
[Date "2019.05.07"]
[Round "10"]
[White "Gubajdullin"]
[Black "PotapovaM"]
[Result "1-0"]
[WhiteElo "2549"]
[BlackElo "2465"]
[TimeControl "180+2"]
[EndTime "15:22:58 PDT"]
[Termination "Gubajdullin won by resignation"]

1. d4 Nf6 2. Bf4 g6 3. e3 Bg7 4. Nf3 O-O 5. Be2 d6 6. O-O b6 7.
a4 a5 8. h3 Bb7 9. Nc3 Nbd7 10. Nb5 Ne4 11. Bh2 c6 12. Na3 d5 13. c4 e6 14. Qb3 Ba6 15. Rfe1 Kh8 16. Rac1 Bb7 17. Rc2 Nb8 18. Ne5 f6 19. Nd3 Na6 20. c5 e5 21. cxb6 exd4 22. exd4 Re8 23. Bf3 Ng5 24. Rxe8+ Qxe8 25. Bd1 Nb4 26. Re2 Qf8 27. Nc5 Rb8 28. Nd7 Qg8 29. Nxb8 Ne4 30. f3 Ng5 31. Qe3 f5 32. Be5 1-0

[Event "*** Titled Tuesday Blitz"]
[Site "Chess.com"]
[Date "2019.05.07"]
[Round "10"]
[White "harvsp123"]
[Black "novocane"]
[Result "1-0"]
[WhiteElo "2479"]
[BlackElo "2262"]
[TimeControl "180+2"]
[EndTime "15:23:00 PDT"]
[Termination "harvsp123 won by resignation"]

1. d4 Nf6 2. c4 e6 3. Nf3 b6 4. g3 Bb4+ 5. Bd2 Qe7 6. Bg2 Bb7 7. Nc3 a5 8. O-O O-O 9. b3 d6 10. a3 Bxc3 11. Bxc3 Nbd7 12. d5 exd5 13. Nh4 Nc5 14. Nf5 Qe6 15. Nd4 Qc8 16. cxd5 Bxd5 17. Nc6 Bxc6 18. Bxc6 Nfe4 19. Bb2 Qh3 20. b4 axb4 21. axb4 Rxa1 22. Bxa1 Ng5 23. bxc5 bxc5 24.
Bg2 Qh5 25. Qd5 Qg6 26. f4 Ne6 27. f5 Qg5 28. fxe6 Qe3+ 29. Kh1 1-0

[Event "*** Titled Tuesday Blitz"]
[Site "Chess.com"]
[Date "2019.05.07"]
[Round "10"]
[White "FearlessKing64"]
[Black "ChessWeebs"]
[Result "0-1"]
[WhiteElo "2243"]
[BlackElo "2738"]
[TimeControl "180+2"]
[EndTime "15:23:04 PDT"]
[Termination "ChessWeebs won by resignation"]

1. e4 c6 2. d4 d5 3. e5 Bf5 4. h4 h5 5. Ne2 e6 6. Ng3 Bg6 7. Be2 c5 8. c3 Nc6 9. Nxh5 Bxh5 10. Bxh5 g6 11. Bxg6 fxg6 12. Qg4 Kd7 13. Qxg6 Rxh4 14. O-O Be7 15. c4 Nxd4 16. Nc3 Nh6 17. cxd5 Qg8 18.
dxe6+ Kc6 19. Qxg8 Rxg8 20. g3 Nhf5 21. Kg2 Rhg4 22.
Rh1 Nxg3 23. fxg3 Rxg3+ 24. Kf1 Rf8+ 25. Ke1 Nc2+ 26. Kd1 Nxa1 27. Bd2 Rg2 28. Ne4 Kd5 29. Nc3+ Kxe5 30. Re1+ Kd6 31. Kc1 Kc6 32. b3 Rff2 33. Ne4 Re2 0-1

[Event "*** Titled Tuesday Blitz"]
[Site "Chess.com"]
[Date "2019.05.07"]
[Round "10"]
[White "severomorskij"]
[Black "Koksal06"]
[Result "1-0"]
[WhiteElo "2769"]
[BlackElo "2489"]
[TimeControl "180+2"]
[EndTime "15:23:08 PDT"]
[Termination "severomorskij won by checkmate"]

1. d4 d5 2. c4 c6 3. Nc3 Nf6 4. Nf3 Bf5 5. cxd5 cxd5 6. Qb3 Bc8 7. Bg5 e6 8. e3 Be7 9. Bd3 O-O 10. O-O Nc6 11.
Rac1 Na5 12. Qc2 h6 13. Bf4 Bd7 14. Ne5 Rc8 15. Qe2 Nc6 16. h3 Be8 17. a3 Nxe5 18. dxe5 Nd7 19. Qg4 Bg5 20. Bg3 Nc5 21. Bc2 Bd7 22. f4 Be7 23. b4 Na6 24. Bd3 Qb6 25. Bf2 Qd8 26. Rfd1 Qe8 27. e4 dxe4 28. Nxe4 Rxc1 29.
Rxc1 Bb5 30. Nf6+ Bxf6 31. exf6 g6 32. Bb1 Qd8 33. Bxg6 Kh8 34. Qh5 Qxf6 35. Qxh6+ Kg8 36. Qh7# 1-0

[Event "*** Titled Tuesday Blitz"]
[Site "Chess.com"]
[Date "2019.05.07"]
[Round "10"]
[White "mouseWLZ"]
[Black "Korchmar_Vasiliy"]
[Result "1-0"]
[WhiteElo "2652"]
[BlackElo "2802"]
[TimeControl "180+2"]
[EndTime "15:23:11 PDT"]
[Termination "mouseWLZ won by resignation"]

1. d4 Nf6 2. Bf4 d5 3. e3 c5 4.
c3 Nc6 5. Nd2 Bf5 6. Ngf3 Qb6 7. Qc1 e6 8. Be2 cxd4 9. exd4 Rc8 10.
O-O Be7 11. h3 O-O 12. Nb3 a5 13. Nbd2 a4 14. a3 h6 15. Re1 Rfd8 16. g4 Bg6 17. Bf1 Ne4 18. Nxe4 dxe4 19. Ne5 Nxd4 20. Qe3 Nf3+ 21.
Nxf3 Bc5 22. Nd4 f6 23. Bxh6 e5 24. Bc4+ Kh7 25. Bxg7 Kxg7 26. Ne6+ Qxe6 27. Bxe6 Bxe3 28. Bxc8 Bc5 29. Bf5 Bxf5 30. gxf5 Rd2 31. Rxe4 Rxf2 32. Rc4 Be3 33. Kh1 Rxb2 34. Rxa4 Kh6 35. Rb4 Rc2 36. Rxb7 Bd2 37. Rg1 1-0

[Event "*** Titled Tuesday Blitz"]
[Site "Chess.com"]
[Date "2019.05.07"]
[Round "10"]
[White "Orest_Vovk"]
[Black "MatthewG-p4p"]
[Result "0-1"]
[WhiteElo "2463"]
[BlackElo "2680"]
[TimeControl "180+2"]
[EndTime "15:23:19 PDT"]
[Termination "MatthewG-p4p won on time"]

1. h4 e5 2. h5 d5 3. h6 Nxh6 4. d4 Nc6 5. Bxh6 gxh6 6. dxe5 Nxe5 7. Nf3 Bg7 8. Nxe5 Bxe5 9. Nc3 d4 10. Ne4 c5 11. Qd2 Qd5 12. Rh4 Bf5 13. c4 Qc6 14.
Qd3 Bg6 15. g3 f5 16. Nd2 f4 17. Qf3 fxg3 18. Qxc6+ bxc6 19. f4 Bc7 20. Bg2 O-O 21.
Bxc6 Rab8 22. Bd5+ Kg7 23. b3 Bxf4 24. Ne4 Rbe8 25.
Nxc5 d3 26. Ne6+ Rxe6 27. Bxe6 d2+ 28. Kd1 g2 29. Rg4 Be3 0-1

[Event "*** Titled Tuesday Blitz"]
[Site "Chess.com"]
[Date "2019.05.07"]
[Round "10"]
[White "Ambitiousresolutions"]
[Black "albi1999"]
[Result "0-1"]
[WhiteElo "2681"]
[BlackElo "2557"]
[TimeControl "180+2"]
[EndTime "15:23:20 PDT"]
[Termination "albi1999 won by resignation"]

1. e4 e5 2. Nf3 Nc6 3. Bb5 a6 4. Ba4 d6 5. O-O Bd7 6. c3 g6 7. d4 Bg7 8. d5 Nce7 9. Bxd7+ Qxd7 10. c4 h6 11. Nc3 f5 12. Ne1 Nf6 13. Qe2 O-O 14. Nd3 c6 15. f3 cxd5 16. cxd5 Rac8 17.
Bd2 Nh5 18. Rac1 b5 19. Nb4 Rc4 20. a3 fxe4 21. fxe4 Nf4 22. Qf3 g5 23. Nd3 Neg6 24. Nxf4 exf4 25. Qe2 Ne5 26. Na2 Rxc1 27. Bxc1 Qa7+ 28.
Kh1 Qd4 29. Nb4 a5 30. Rd1 Qc4 31. Qxc4 bxc4 32. Nc6 Nd3 33. Rf1 Re8 34. e5 Bxe5 35. Nxa5 Nxc1 36. Rxc1 Bxb2 37. Rf1 Re4 38. h4 g4 39. a4 c3 40. Nb7 Rxa4 41. Nxd6 c2 0-1

[Event "*** Titled Tuesday Blitz"]
[Site "Chess.com"]
[Date "2019.05.07"]
[Round "10"]
[White "StephenDedalus83"]
[Black "Cryptochess"]
[Result "1-0"]
[WhiteElo "2806"]
[BlackElo "2593"]
[TimeControl "180+2"]
[EndTime "15:23:23 PDT"]
[Termination "StephenDedalus83 won by resignation"]

1. e4 e5 2. Nf3 Nf6 3. Nxe5 d6 4. Nf3 Nxe4 5. d4 d5 6. Bd3 Bd6 7. O-O O-O 8. c4 c6 9. Qc2 Re8 10. Nc3 Nxc3 11. bxc3 dxc4 12. Bxh7+ Kh8 13. Ng5 Qf6 14.
Be4 Nd7 15. Bxc6 g6 16. Bd5 Bxh2+ 17. Kh1 Kg7 18. Nxf7 Bf4 19. g3 Nb6 20. Bxf4 Nxd5 21. Be5 Rxe5 22. Nxe5 Bf5 23. Qd2 Rh8+ 24. Kg2 Bh3+ 25.
Kg1 Bxf1 26. Rxf1 Qf5 27. g4 Qf6 28. f4 Qh4 29. Qg2 Rf8 30. Qxd5 Qg3+ 31. Qg2 Qxc3 32. Qxb7+ Kg8 33. Qd5+ Kg7 34. Qd7+ Kh6 35. g5+ 1-0

[Event "*** Titled Tuesday Blitz"]
[Site "Chess.com"]
[Date "2019.05.07"]
[Round "10"]
[White "el-reptiliano"]
[Black "gemarin"]
[Result "0-1"]
[WhiteElo "2182"]
[BlackElo "2102"]
[TimeControl "180+2"]
[EndTime "15:23:27 PDT"]
[Termination "gemarin won by resignation"]

1. Nf3 d5 2. e3 c6 3. c4 Nf6 4. b3 Bf5 5. Bb2 e6 6. Nc3 Nbd7 7. h3 h6 8. g4 Bg6 9. Rg1 Bd6 10. h4 Ne5 11. Nxe5 Bxe5 12. f4 Bxc3 13. Bxc3 Ne4 14. g5 Nxc3 15. dxc3 hxg5 16. hxg5 Qa5 17. Qd4 O-O-O 18.
c5 Be4 19. a4 Rh2 20. b4 Qc7 21. Qxg7 a5 22. Be2 axb4 23. cxb4 d4 24. Rf1 dxe3 25. Rd1 Rxd1+ 26. Bxd1 Qd7 27. Qf8+ Kc7 28. Qd6+ Qxd6 29. cxd6+ Kxd6 30. b5 Bd3 31. Rg1 cxb5 32. axb5 Bxb5 33.
Bb3 Rb2 34. Bd1 e2 35. Bxe2 Rxe2+ 36. Kd1 Rf2 37. Rg4 Be2+ 0-1

[Event "*** Titled Tuesday Blitz"]
[Site "Chess.com"]
[Date "2019.05.07"]
[Round "10"]
[White "MathiasWomacka"]
[Black "NM2019"]
[Result "1-0"]
[WhiteElo "2239"]
[BlackElo "2141"]
[TimeControl "180+2"]
[EndTime "15:23:35 PDT"]
[Termination "MathiasWomacka won on time"]

1. e4 d5 2. exd5 Nf6 3. Nf3 Nxd5 4. d4 Bg4 5. h3 Bh5 6. g4 Bg6 7. Ne5 Nd7 8. Nxg6 hxg6 9. Bg2 c6 10. c4 N5b6 11.
Qe2 e6 12. Nc3 Be7 13. Be3 Qc7 14. O-O-O O-O-O 15. Kb1 Nf6 16. Rc1 Qd7 17. d5 exd5 18.
cxd5 Nfxd5 19. Nxd5 Nxd5 20. Bxa7 Bf6 21. Rhd1 Rhe8 22.
Qc4 b5 23. Qxd5 Qxa7 24. Qxc6+ Kb8 25. Rd5 Rxd5 26. Qxe8+ Rd8 27. Qxb5+ 1-0

[Event "*** Titled Tuesday Blitz"]
[Site "Chess.com"]
[Date "2019.05.07"]
[Round "10"]
[White "Manukyan_Artak"]
[Black "Roenko_Artur"]
[Result "0-1"]
[WhiteElo "2395"]
[BlackElo "2235"]
[TimeControl "180+2"]
[EndTime "15:23:40 PDT"]
[Termination "Roenko_Artur won by resignation"]

1. e4 e6 2. d4 d5 3. e5 c5 4. c3 Qb6 5. Nf3 Nc6 6. a3 f6 7. exf6 Nxf6 8. b4 cxd4 9. cxd4 Bd6 10. Nc3 Bd7 11. Na4 Qc7 12. Bb2 O-O 13. Rc1 Rae8 14. Be2 Bf4 15. Rc3 Qd6 16. Nc5 b6 17. Nxd7 Nxd7 18. O-O Nf6 19. Bb5 Rc8 20. Qa4 Ne7 21. Ne5 Rxc3 22. Bxc3 Ne4 23. Bb2 Ng6 24. Nxg6 Bxh2+ 25.
Kh1 hxg6 26. Qc2 Rf5 27. g3 Bxg3 28. fxg3 Rh5+ 29. Kg1 Qxg3+ 30. Qg2 Qe3+ 31. Rf2 Nxf2 32. Qxf2 Rh1+ 0-1

[Event "*** Titled Tuesday Blitz"]
[Site "Chess.com"]
[Date "2019.05.07"]
[Round "10"]
[White "riconaipe"]
[Black "Mimsychess"]
[Result "0-1"]
[WhiteElo "2427"]
[BlackElo "2378"]
[TimeControl "180+2"]
[EndTime "15:23:46 PDT"]
[Termination "Mimsychess won by resignation"]

1. d4 Nf6 2. c4 e6 3. Nc3 c5 4.
d5 exd5 5. Nxd5 Nxd5 6. cxd5 d6 7. e4 Be7 8. Ne2 O-O 9. Nc3 a6 10. a4 Nd7 11. Be2 Bf6 12. O-O Re8 13. Bf3 Rb8 14. a5 Ne5 15. Bf4 b5 16. axb6 Rxb6 17. Ra2 h6 18.
Be3 Nc4 19. Bc1 Bd7 20. Be2 Rb4 21. Rxa6 Nxb2 22. Bxb2 Rxb2 23. Na4 Rb4 24. f3 Qc8 25. Ra7 c4 26. Kh1 c3 27. Qc2 Bd4 28. Ra6 f5 29. Rb1 Rxb1+ 30. Qxb1 c2 31. Qc1 Be3 32. Nb6 Bxc1 33.
Nxc8 Rxc8 34. Bd3 Bb5 35. Bxb5 Be3 0-1

[Event "*** Titled Tuesday Blitz"]
[Site "Chess.com"]
[Date "2019.05.07"]
[Round "10"]
[White "nitpicker"]
[Black "JonasHilwerda"]
[Result "0-1"]
[WhiteElo "2231"]
[BlackElo "2248"]
[TimeControl "180+2"]
[EndTime "15:23:48 PDT"]
[Termination "JonasHilwerda won on time"]

1. d4 Nf6 2. c4 e5 3. dxe5 Ne4 4. a3 Bc5 5. e3 Nc6 6. Bd3 Ng5 7. Be2 O-O 8. Nc3 f6 9. Qd5+ Ne6 10. exf6 Qxf6 11.
Nf3 Kh8 12. Ne4 Qe7 13. b4 Bd6 14. c5 Bf4 15. exf4 Nxf4 16. Bxf4 Rxf4 17. Ng3 d6 18. cxd6 cxd6 19. O-O Be6 20. Qd2 Raf8 21. Rad1 d5 22. Rfe1 Qc7 23. Qe3 Bg4 24. h3 Be6 25. Nd4 Nxd4 26. Rxd4 R4f6 27. Bf3 Bxh3 28. Bxd5 Bd7 29. Qe7 Rxf2 30. Ne4 R2f4 31. Ng5 Qb6 32. Kh2 Qh6+ 33.
Nh3 Bxh3 34. gxh3 Rf2+ 35. Bg2 Qg6 0-1

[Event "*** Titled Tuesday Blitz"]
[Site "Chess.com"]
[Date "2019.05.07"]
[Round "10"]
[White "GCamachoMartinez"]
[Black "GelmanAlexander"]
[Result "1-0"]
[WhiteElo "2413"]
[BlackElo "2570"]
[TimeControl "180+2"]
[EndTime "15:23:52 PDT"]
[Termination "GCamachoMartinez won by checkmate"]

1. d4 Nf6 2. c4 c5 3. d5 b5 4. cxb5 a6 5. b6 e6 6. Nc3 exd5 7.
Nxd5 Nxd5 8. Qxd5 Nc6 9. Bg5 Be7 10. Bxe7 Qxe7 11. Rc1 O-O 12. Qxc5 Qe6 13. b3 Bb7 14.
Rd1 Rac8 15. Nf3 a5 16. Qd6 Qe4 17. Qd3 Qb4+ 18. Qd2 Qxb6 19. e3 Nb4 20. Nd4 Rfe8 21. a3 Nd5 22. Bc4 Nf4 23. f3 Rxe3+ 24. Kf2 Rce8 25.
Rhe1 Nh3+ 26. Kf1 Rxe1+ 27. Rxe1 Rxe1+ 28. Qxe1 Kf8 29. Qe5 f6 30. Qb8+ Ke7 31. Nf5# 1-0

[Event "*** Titled Tuesday Blitz"]
[Site "Chess.com"]
[Date "2019.05.07"]
[Round "10"]
[White "PNEPaul"]
[Black "tomozupan"]
[Result "0-1"]
[WhiteElo "1839"]
[BlackElo "2257"]
[TimeControl "180+2"]
[EndTime "15:23:56 PDT"]
[Termination "tomozupan won by resignation"]

1. e4 e5 2. Nf3 Nc6 3. Bc4 Bc5 4. b4 Bxb4 5. c3 Ba5 6. Qb3 Qf6 7. O-O Nge7 8. d4 O-O 9. Bg5 Qd6 10. Na3 Bb6 11. Nb5 Qg6 12. Bxe7 Nxe7 13. Nxe5 Qh5 14. Nxf7 Rxf7 15.
Bxf7+ Qxf7 16. Qxf7+ Kxf7 17. f4 a6 18. Na3 d5 19.
Rae1 dxe4 20. Rxe4 Nd5 21. Nb1 c5 22. Re5 Nf6 23.
d5 Bc7 24. c4 Bd7 25. Ree1 b5 26.
Nd2 bxc4 27. Nxc4 Nxd5 28. Ne5+ Bxe5 29. fxe5+ Ke6 30. Rf2 c4 31. Rc2 c3 32. h3 Rc8 33. g4 Nb4 34. Rce2 c2 35. Rc1 Ba4 36. a3 Nd3 0-1

[Event "*** Titled Tuesday Blitz"]
[Site "Chess.com"]
[Date "2019.05.07"]
[Round "10"]
[White "hansen"]
[Black "c63_amg"]
[Result "0-1"]
[WhiteElo "2763"]
[BlackElo "2682"]
[TimeControl "180+2"]
[EndTime "15:23:59 PDT"]
[Termination "c63_amg won by resignation"]

1. e4 c5 2. Nf3 d6 3. d4 cxd4 4.
Nxd4 Nf6 5. Nc3 a6 6. Be3 e5 7. Nb3 Be7 8. h3 Be6 9. Qf3 Nbd7 10. O-O-O Qc7 11. g4 h6 12. Kb1 Rc8 13. Bd3 Nb6 14. Rhg1 Nc4 15. Nd5 Nxd5 16. exd5 Bd7 17. Bc1 a5 18. g5 hxg5 19. Bxg5 Rxh3 20. Qe2 a4 21. Bxe7 Kxe7 22. Nd4 Nxb2 23. Nf5+ Bxf5 24. Bxf5 Nxd1 25. Rxd1 Rhh8 26. Qg4 g6 27. Qg5+ f6 28. Qg4 Qb6+ 29.
Ka1 a3 30. Rb1 Qxb1+ 0-1

[Event "*** Titled Tuesday Blitz"]
[Site "Chess.com"]
[Date "2019.05.07"]
[Round "10"]
[White "LastHeroJr"]
[Black "Sadikhov_Ulvi"]
[Result "1-0"]
[WhiteElo "2520"]
[BlackElo "2672"]
[TimeControl "180+2"]
[EndTime "15:24:02 PDT"]
[Termination "LastHeroJr won by checkmate"]

1. e4 c5 2. Nf3 Nc6 3. d4 cxd4 4. Nxd4 Qb6 5. c3 d6 6. Na3 Nf6 7. Bd3 Nxd4 8. cxd4 Bd7 9. O-O Qxd4 10. Nb5 Qb6 11. Be3 Qd8 12. Rc1 Rc8 13. Rxc8 Qxc8 14. Nxa7 Qb8 15.
Bb6 e6 16. Nb5 Be7 17. Nc7+ Kf8 18. Nb5 Qe8 19. Qb3 Bc6 20. f3 h5 21. Nd4 h4 22.
Rc1 Bd7 23. Ba7 Qa8 24. Bb6 Nh5 25. a4 Nf4 26. Bf1 Rh5 27. a5 g6 28. Kh1 Be8 29. Ne2 Rb5 30. Qc3 Nxe2 31. Qh8# 1-0

[Event "*** Titled Tuesday Blitz"]
[Site "Chess.com"]
[Date "2019.05.07"]
[Round "10"]
[White "IIIlllII1llIl"]
[Black "Berardino"]
[Result "1-0"]
[WhiteElo "2738"]
[BlackElo "2543"]
[TimeControl "180+2"]
[EndTime "15:24:07 PDT"]
[Termination "IIIlllII1llIl won by resignation"]

1. e4 c5 2. c3 Nf6 3. e5 Nd5 4. Nf3 e6 5. d4 cxd4 6. cxd4 d6 7. Bc4 Nc6 8. Qe2 Be7 9. O-O O-O 10.
Re1 Bd7 11. Nc3 Nxc3 12. bxc3 dxe5 13. dxe5 Qa5 14. Rb1 Rab8 15. Bd3 Rfd8 16. Rb5 Qc7 17. Ng5 h6 18. Nxf7 Kxf7 19. Qh5+ Kg8 20. Qg6 Be8 21. Qh7+ Kf8 22. Bxh6 Bf7 23. Qh8+ Bg8 24. Bh7 Ke8 25. Qxg8+ Kd7 26. Qxg7 Rf8 27. Qg6 Rf5 28. Rd1+ 1-0

[Event "*** Titled Tuesday Blitz"]
[Site "Chess.com"]
[Date "2019.05.07"]
[Round "10"]
[White "ruvat"]
[Black "Vusatiuk_Vladimir"]
[Result "1-0"]
[WhiteElo "2346"]
[BlackElo "2201"]
[TimeControl "180+2"]
[EndTime "15:24:12 PDT"]
[Termination "ruvat won by resignation"]

1. d4 Nf6 2. c4 e6 3. g3 Bb4+ 4. Bd2 c5 5. Nf3 O-O 6. Bg2 Nc6 7. O-O Bxd2 8. Qxd2 cxd4 9. Nxd4 Qb6 10. Nb3 d5 11. Na3 Rd8 12. Rfd1 dxc4 13. Nxc4 Rxd2 14. Nxb6 Rxd1+ 15.
Rxd1 axb6 16. Bxc6 Kf8 17. Bf3 Ke7 18. a3 Nd5 19.
Bxd5 exd5 20. Rxd5 Be6 21. Rb5 Ra6 22. f3 Bc4 23.
Rb4 b5 24. Nd4 Kd7 25. Kf2 Ra4 26. b3 Rxb4 27. axb4 Bd5 28. e4 Bc6 29. Nxc6 bxc6 30.
Ke3 Ke6 31. Kd4 h5 32. f4 g6 33. Kc5 Kd7 34. e5 Kc7 35. h3 Kb7 36. Kd6 Kb6 37. Ke7 c5 38. bxc5+ Kxc5 39. Kxf7 Kb4 40. e6 Kxb3 41.
e7 Kc2 42. e8=Q b4 43. Qe4+ 1-0

[Event "*** Titled Tuesday Blitz"]
[Site "Chess.com"]
[Date "2019.05.07"]
[Round "10"]
[White "adriangschnitzer"]
[Black "Casper_Schoppen"]
[Result "0-1"]
[WhiteElo "2441"]
[BlackElo "2657"]
[TimeControl "180+2"]
[EndTime "15:24:24 PDT"]
[Termination "Casper_Schoppen won by resignation"]

1. e4 c5 2. Nf3 Nc6 3. d4 cxd4 4. Nxd4 Nf6 5. Nc3 e5 6. Ndb5 d6 7. Bg5 a6 8. Na3 b5 9. Nd5 Be7 10. Bxf6 Bxf6 11. c3 Bg5 12. Nc2 Rb8 13. g3 O-O 14.
Bg2 Ne7 15. Nce3 Be6 16. O-O Nxd5 17. Nxd5 Bh6 18. Qh5 Bxd5 19. exd5 f5 20. f4 exf4 21. gxf4 Qb6+ 22. Kh1 Rbe8 23. Rae1 Rxe1 24. Rxe1 Qf2 25.
Qe2 Qxe2 26. Rxe2 Bxf4 27. Re7 Bc1 28. b3 Rc8 29. Ra7 Rxc3 30. Rxa6 Bf4 31. Bf1 b4 32. Bb5 g6 33. Bd7 Rh3 34. Ra4 Rxh2+ 35. Kg1 Rd2 36. Rxb4 Be3+ 37. Kf1 Rxa2 38. Be6+ Kg7 39. Rb7+ Kh6 40. Bg8 f4 41. Rxh7+ Kg5 42. Rf7 Kg4 43.
Bh7 f3 0-1

[Event "*** Titled Tuesday Blitz"]
[Site "Chess.com"]
[Date "2019.05.07"]
[Round "10"]
[White "jefferyx"]
[Black "Hikaru"]
[Result "0-1"]
[WhiteElo "2915"]
[BlackElo "3195"]
[TimeControl "180+2"]
[EndTime "15:24:25 PDT"]
[Termination "Hikaru won by resignation"]

1. d4 Nf6 2. c4 e6 3. Nc3 Bb4 4. Nf3 O-O 5. Bg5 d5 6. e3 h6 7. Bh4 c5 8. a3 Bxc3+ 9. bxc3 Nbd7 10. cxd5 exd5 11. Be2 Qa5 12. O-O Ne4 13. Bd3 Nxc3 14. Qd2 c4 15. Bc2 Re8 16. Rfc1 b6 17. Bf5 Ne4 18. Qxa5 bxa5 19. Bxe4 Rxe4 20. Rab1 Ba6 21. Bg3 Rc8 22. Ne5 Nxe5 23. Bxe5 f6 24. Bd6 Ree8 25.
Bc5 Rb8 26. Bxa7 Rb3 27. a4 Re7 28. Bc5 Reb7 29. Ra1 c3 30. f3 Bd3 31. Kf2 Rb2+ 32. Kg3 c2 33. Ba3 Rb1 34. Ra2 Rxc1 35. Bxc1 Rb1 36.
Ba3 g5 37. h4 Kf7 38. hxg5 hxg5 0-1

[Event "*** Titled Tuesday Blitz"]
[Site "Chess.com"]
[Date "2019.05.07"]
[Round "10"]
[White "tteshan"]
[Black "agus_k"]
[Result "0-1"]
[WhiteElo "2270"]
[BlackElo "2617"]
[TimeControl "180+2"]
[EndTime "15:24:26 PDT"]
[Termination "agus_k won by checkmate"]

1. d4 Nf6 2. c4 g6 3. Nc3 Bg7 4. e4 d6 5. Be2 O-O 6. Bg5 c5 7. d5 a6 8. Qd2 Re8 9. h4 h5 10.
f3 Nbd7 11. Nh3 Qa5 12. Nf2 Rb8 13. g4 b5 14. cxb5 axb5 15. gxh5 Nxh5 16. Rg1 b4 17. Ncd1 Ba6 18. Bxa6 Qxa6 19. Ne3 Ne5 20. Qe2 c4 21. f4 Nd3+ 22. Nxd3 cxd3 23. Qd2 b3 24. a3 Rbc8 25.
Kf2 Rc5 26. Rgc1 Rxc1 27. Rxc1 f6 28. Rc3 fxg5 29. Rxb3 Rf8 30. f5 Nf4 31. hxg5 Bd4 32.
Kf3 Be5 33. Ng4 Ne2 34. Rxd3 Nc1 35. Nh6+ Kg7 36. Re3 Qc4 37. Qg2 gxf5 38. Qh3 fxe4+ 39. Kg4 Qc8+ 40. Kh5 Qe8+ 41. Kh4 Rf4+ 42. Ng4 Qh8+ 43. Kg3 Rf3+ 44. Kg2 Qxh3+ 45. Kg1 Rf1# 0-1

[Event "*** Titled Tuesday Blitz"]
[Site "Chess.com"]
[Date "2019.05.07"]
[Round "10"]
[White "Jahonas"]
[Black "IakovUlivar"]
[Result "0-1"]
[WhiteElo "2370"]
[BlackElo "2529"]
[TimeControl "180+2"]
[EndTime "15:24:33 PDT"]
[Termination "IakovUlivar won by checkmate"]

1. d4 g6 2. c4 Bg7 3. Nf3 d6 4. e3 Nf6 5. Be2 O-O 6. O-O Nbd7 7. b3 e5 8. Bb2 exd4 9. Nxd4 a5 10. Nc3 Nc5 11. Rc1 Re8 12. Nd5 Bd7 13. Bf3 Nfe4 14.
Qc2 c6 15. Nc3 Nxc3 16. Bxc3 Qe7 17. Rcd1 h5 18. g3 Bg4 19. Kg2 Qd7 20. Bxg4 hxg4 21. Ne2 Qe6 22. Bxg7 Kxg7 23. Nf4 Qe5 24. Rd4 Rad8 25.
Rfd1 Ne6 26. h4 Nxd4 27. Rxd4 Rd7 28. Qd2 Red8 29. Qd1 Qf5 30. e4 Qe5 31. Qd3 Re8 32. f3 gxf3+ 33. Kxf3 Rde7 34. Rxd6 Qxe4+ 35. Qxe4 Rxe4 36. h5 g5 37. h6+ Kf8 38. Nh5 g4+ 39. Kf2 Re2+ 40.
Kf1 Re1+ 41. Kf2 R8e2# 0-1

[Event "*** Titled Tuesday Blitz"]
[Site "Chess.com"]
[Date "2019.05.07"]
[Round "10"]
[White "Babas"]
[Black "Komissarov_alex"]
[Result "1-0"]
[WhiteElo "2396"]
[BlackElo "2096"]
[TimeControl "180+2"]
[EndTime "15:24:36 PDT"]
[Termination "Babas won on time"]

1. e4 e5 2. Nf3 Nc6 3. Bc4 Nf6 4. d3 d5 5. exd5 Nxd5 6. O-O Bc5 7. Re1 O-O 8. a3 Nf6 9. b4 Bb6 10. h3 e4 11. Ng5 Qd4 12. Ra2 Qxf2+ 13. Kh1 exd3 14. cxd3 Qh4 15. Rf1 Ne5 16. Bb3 h6 17. Nf3 Nxf3 18. Qxf3 Bd7 19. Nc3 Bc6 20. Ne4 Nxe4 21. dxe4 Bxe4 22.
Qc3 Rad8 23. Rd2 Bd4 24. Rxd4 Rxd4 25. Bb2 Rfd8 26. Rxf7 Bd5 27. Rxg7+ Kxg7 28. Qxc7+ Kh8 29. Bxd4+ Qxd4 30. Qxd8+ 1-0

[Event "*** Titled Tuesday Blitz"]
[Site "Chess.com"]
[Date "2019.05.07"]
[Round "10"]
[White "kikoveiga"]
[Black "Heineccius"]
[Result "1-0"]
[WhiteElo "2283"]
[BlackElo "2444"]
[TimeControl "180+2"]
[EndTime "15:24:38 PDT"]
[Termination "kikoveiga won on time"]

1. e4 c5 2. Nf3 e6 3. d4 cxd4 4. Nxd4 a6 5. Bd3 Bc5 6. Nb3 Be7 7. Qg4 g6 8. Qe2 d6 9. O-O Nd7 10. Nc3 Qc7 11. a4 b6 12. Be3 Bb7 13. f3 Ngf6 14.
Bh6 Bf8 15. Qd2 Ne5 16. Rfe1 Bxh6 17. Qxh6 Qe7 18. Be2 Qf8 19. Qe3 Ned7 20. a5 b5 21. Rad1 Qe7 22. Qd4 Nc5 23. Qxd6 Qxd6 24. Rxd6 Nxb3 25.
cxb3 Ke7 26. e5 Nd5 27. Rc1 Nf4 28. Bf1 Rhc8 29. Rb6 Bc6 30. g3 Nh5 31. f4 Kd7 32. Na2 Bd5 33. Rd6+ Ke7 34. Rxc8 Rxc8 35. Rxa6 Rc2 36.
Nb4 Rxb2 37. Ra7+ Kf8 38. Nxd5 exd5 39. a6 Ra2 40. Bxb5 g5 41. Rb7 gxf4 42. g4 Ng7 43.
a7 1-0